AoeStats
← ShogunPilo

Lombardia

508370411Analyzed
2v2 RM · 9d ago on Sep 22, 2026· 48m 58s· 4 players
Game mode
Random Map
Map size
Medium (4 player)
Population
200
Speed
Normal
Resources
Standard
Victory
Conquest
Starting age
Dark Age
Ending age
Imperial Age
RankedLock teamsTeams togetherTeam positionsShared explorationLock speedFull tech treeHidden civsTurbo modeCheats
Victory
Defeat
🇦🇷 Aztecs · Argentina
958
+14
🇷🇴 Lithuanians · Romania
913
+16
🇺🇸 Franks · United States
908
-15
🇺🇸 Burgundians · United States
907
-15
Clauzzz
5:20 Loom
10:31 Feudal Age
10:59 Horse Collar
11:55 Wheelbarrow
11:06 Double-Bit Axe
22:49 Castle Age
20:41 Fletching
21:42 Padded Archer Armor
22:08 Forging
22:00 Scale Mail Armor
22:22 Gold Mining
23:59 Bow Saw
23:52 Heavy Plow
23:18 Pikeman
23:58 Squires
23:45 Arson
23:22 Elite Skirmisher
25:15 Hand Cart
25:59 Bodkin Arrow
27:24 Stone Mining
33:35 Chain Mail Armor
33:56 Iron Casting
34:05 Fervor
35:27 Stone Shaft Mining
35:50 Husbandry
36:43 Bloodlines
35:54 Light Cavalry
40:11 Imperial Age
38:41 Scale Barding Armor
39:00 Ballistics
38:58 Thumb Ring
40:18 Town Watch
40:51 Cavalier
41:40 Halberdier
44:38 Chain Barding Armor
44:34 Leather Archer Armor
46:00 Bracer
46:36 Plate Barding Armor
47:04 Chemistry
46:01 Murder Holes
47:00 Town Patrol
46:33 Winged Hussar
49:11 Two-Man Saw
48:43 Crop Rotation
ShogunPilo
8:39 Loom
11:09 Feudal Age
14:39 Wheelbarrow
14:51 Double-Bit Axe
20:07 Castle Age
20:12 Arson
22:04 Forging
21:36 Horse Collar
23:42 Iron Casting
23:31 Gambesons
23:10 Eagle Warrior
24:20 Fervor
27:06 Scale Mail Armor
27:39 Heavy Plow
27:57 Hand Cart
27:29 Town Watch
29:08 Chain Mail Armor
29:50 Pikeman
30:31 Squires
32:58 Redemption
33:21 Gold Mining
37:21 Imperial Age
35:19 Sanctity
37:06 Town Patrol
38:29 Garland Wars
39:13 Blast Furnace
40:48 Plate Mail Armor
41:34 Conscription
42:10 Fletching
42:49 Bodkin Arrow
42:53 Elite Jaguar Warrior
45:29 Block Printing
46:35 Crop Rotation
46:20 Bow Saw
46:35 Ballistics
45:59 Treadmill Crane
46:42 Ballistics
46:32 Bracer
48:20 Chemistry
48:25 Murder Holes
48:42 Siege Engineers
Vandalf
13:11 Feudal Age
23:36 Double-Bit Axe
28:48 Castle Age
27:54 Man-at-Arms
28:50 Long Swordsman
35:55 Husbandry
40:04 Bow Saw
40:45 Scale Mail Armor
40:54 Scale Barding Armor
Kung Fu Vanda
8:46 Loom
12:28 Feudal Age
15:07 Wheelbarrow
20:10 Castle Age
22:03 Double-Bit Axe
22:00 Horse Collar
22:01 Cavalier
22:46 Husbandry
31:36 Burgundian Vineyards
32:21 Bow Saw
32:23 Heavy Plow
31:58 Elite Skirmisher
35:39 Fervor
36:55 Ballistics
36:33 Murder Holes
Connection lost

Rejoining the realm…

Still unreachable

The connection could not be restored.

Session expired

The server has moved on; the page needs a fresh start.